 Dungeon Crawl Stone Soup version 0.24-a0-513-g284f782 (webtiles) character file.

Game seed: 10313325130896367679

2781 DinnerBoy7 the Skirmisher (level 9, -2/78 HPs)
             Began as a Centaur Fighter on July 21, 2019.
             Was an Initiate of Nemelex Xobeh.
             Slain by a killer bee (5 damage)
             ... on level 7 of the Dungeon.
             The game lasted 00:28:15 (7308 turns).

DinnerBoy7 the Skirmisher (Centaur Fighter)         Turns: 7308, Time: 00:28:18

Health: -2/78      AC: 11    Str: 21    XL:     9   Next: 43%
Magic:  9/9        EV:  7    Int:  7    God:    Nemelex Xobeh [......]
Gold:   384        SH:  9    Dex: 10    Spells: 8/8 levels left

rFire    . . .     SeeInvis .   h - +0 flail (protect)
rCold    . . .     Gourm    .   c - +0 shield
rNeg     . . .     Faith    .   n - +1 plate armour
rPois    .         Spirit   .   (no helmet)
rElec    .         Reflect  .   (no cloak)
rCorr    .         Harm     .   (no gloves)
MR       .....                  (no barding)
Stlth    ..........             (no amulet)
HPRegen  0.23/turn              r - +4 ring of evasion
MPRegen  0.11/turn              w - ring of stealth

@: lethally poisoned (-2 -> -35), drained, very quick
A: large, hooves 3, deformed body, speed 2, tough skin 3
a: Draw Escape, Draw Destruction, Draw Summoning, Renounce Religion


You were on level 7 of the Dungeon.
You worshipped Nemelex Xobeh.
Nemelex Xobeh was noncommittal.
You were hungry.

You visited 1 branch of the dungeon, and saw 7 of its levels.

You collected 384 gold pieces.

Inventory:

Hand Weapons
 a - a +0 war axe
 h - a +0 flail of protection (weapon)
 o - a +3 falchion
Missiles
 j - 76 bolts
 t - 7 boomerangs (quivered)
Armour
 b - a +0 scale mail
 c - a +0 shield (worn)
 n - a +1 plate armour (worn)
Magical Staves
 B - an uncursed staff of power {unknown}
Jewellery
 r - a +4 ring of evasion (left hand)
 v - an uncursed ring of fire
 w - a ring of stealth (right hand)
Wands
 d - a wand of disintegration (19)
 e - a wand of flame (16)
 q - a wand of iceblast (6)
 u - a wand of acid (7)
 z - a wand of polymorph (9)
Scrolls
 k - 4 scrolls of amnesia
 p - 4 scrolls of remove curse
 s - a scroll of identify
 x - a scroll of magic mapping
 y - a scroll of teleportation
Potions
 i - a potion of lignification
 l - a potion of flight
 m - a potion of cancellation
Comestibles
 f - 18 rations
 A - a chunk of flesh


   Skills:
 + Level 6.8(6.1) Fighting
 - Level 5.3(4.8) Axes
 + Level 1.9(3.2) Maces & Flails
 + Level 5.1(4.4) Armour
 + Level 3.1(2.5) Dodging
 + Level 5.1(4.4) Shields


You had 8 spell levels left.
You didn't know any spells.
Your spell library was empty.

Dungeon Overview and Level Annotations

Branches:
Dungeon (7/15)
 Temple: D:4-7

Altars:
Ashenzari
Fedhas
Nemelex Xobeh
Okawaru

Annotations:
D:3 1 runed translucent door, TwistedFlax's ghost, amateur GrBe


Innate Abilities, Weirdness & Mutations

You have hooves in place of feet.
Armour fits poorly on your strangely shaped body.
You cover ground very quickly.
You have extremely tough skin. (AC +3)


Message History

* * * LOW HITPOINT WARNING * * *
You are more poisoned.
The killer bee poisons you!
You feel much better.
* * * LOW HITPOINT WARNING * * *
You feel very sick. You block the killer bee's attack.
The killer bee barely misses you.
The killer bee stings you but does no damage.
The killer bee barely misses you. The killer bee stings you.
* * * LOW HITPOINT WARNING * * *
The killer bee stings you.
* * * LOW HITPOINT WARNING * * *
You closely miss the killer bee.
The killer bee is severely wounded.
* * * LOW HITPOINT WARNING * * *
You feel very sick. You block the killer bee's attack.
The killer bee closely misses you. The killer bee stings you.
You die...
Your body disappears without a glow.

......#..##..#
....##......# .
#...##.....## .
...#..(....##. .
##..##....##...# .
##...#............ .
#....#.............##
#..yy?)..###.......#.
#..y@...## #.......##
#####...####.........
#...#............
#................
####.............
#..[..........
#.............
###...........
######............


You could see 3 killer bees.

Vanquished Creatures
  Pikel (D:5)
  Grinder (D:6)
  The ghost of RatchetSly the Shield-Bearer, an amateur FoFi of Qazlal (D:4)
  Sigmund (D:5)
  Edmund (D:5)
  2 sky beasts (D:5)
  An ice beast (D:5)
  An orc warrior (D:6)
  4 slaves (D:5)
  An ogre (D:7)
  2 centaurs
  Blork the orc (D:6)
  A bullfrog (D:6)
  4 wights (D:6)
  A crimson imp (D:5)
  A jelly (D:4)
  An orc priest (D:6)
  2 hounds
  An iguana (D:7)
  3 worker ants
  2 killer bee zombies (D:5)
  2 hound skeletons
  A hound zombie (D:6)
  13 gnolls
  10 adders
  2 shadow imps
  An adder skeleton (D:6)
  5 worms
  3 dart slugs
  4 leopard geckos
  21 orcs
  6 giant cockroaches
  9 goblins
  8 hobgoblins
  8 jackals
  5 quokkas
  A ball python (D:3)
  6 bats
  7 frilled lizards
  18 kobolds
  A leopard gecko skeleton (D:4)
  2 leopard gecko zombies
  A quokka skeleton (D:5)
  11 rats
178 creatures vanquished.

Notes
Turn   | Place    | Note
-------+----------+-------------------------------------------
     0 | D:1      | DinnerBoy7 the Centaur Fighter began the quest for the Orb.
     0 | D:1      | Reached XP level 1. HP: 19/19 MP: 1/1
   255 | D:1      | Reached XP level 2. HP: 25/26 MP: 2/2
   618 | D:1      | Reached XP level 3. HP: 27/31 MP: 3/3
   890 | D:2      | Reached XP level 4. HP: 8/38 MP: 4/4
  1304 | D:2      | Found a shattered altar of Ashenzari.
  2008 | D:2      | Reached XP level 5. HP: 45/46 MP: 5/5
  2224 | D:3      | Found a blossoming altar of Fedhas.
  2493 | D:3      | Noticed a centaur
  2505 | D:3      | Killed a centaur
  2505 | D:3      | Reached skill level 4 in Fighting
  2640 | D:3      | Reached XP level 6. HP: 42/52 MP: 6/6
  2836 | D:3      | Found a runed translucent door.
  2844 | D:3      | Noticed TwistedFlax's ghost (amateur GrBe)
  2888 | D:3      | Found an iron altar of Okawaru.
  3837 | D:4      | Found a transporter.
  3837 | D:4      | Noticed RatchetSly's ghost (amateur FoFi)
  3840 | D:4      | Found a transporter.
  3871 | D:4      | Killed RatchetSly's ghost
  3871 | D:4      | Reached skill level 5 in Fighting
  3871 | D:4      | Reached XP level 7. HP: 23/61 MP: 7/7
  4517 | D:5      | Entered Level 5 of the Dungeon
  4688 | D:5      | Reached skill level 1 in Dodging
  4688 | D:5      | Reached XP level 8. HP: 69/69 MP: 8/8
  5030 | D:5      | Noticed Pikel
  5054 | D:5      | Killed Pikel
  5054 | D:5      | Reached skill level 6 in Fighting
  5054 | D:5      | Reached skill level 5 in Axes
  5280 | D:5      | Noticed Sigmund
  5467 | D:5      | Killed Sigmund
  5652 | D:5      | Noticed Edmund
  5672 | D:5      | Killed Edmund
  5672 | D:5      | Reached XP level 9. HP: 75/77 MP: 9/9
  6150 | D:6      | Reached skill level 1 in Maces & Flails
  6187 | D:6      | Reached skill level 5 in Shields
  6403 | D:6      | Noticed Blork the orc
  6412 | D:6      | Killed Blork the orc
  6489 | D:6      | Found a sparkling altar of Nemelex Xobeh.
  6520 | D:6      | Noticed Grinder
  6521 | D:6      | Paralysed by Grinder for 6 turns
  6542 | D:6      | Paralysed by Grinder for 6 turns
  6560 | D:6      | Paralysed by Grinder for 7 turns
  6573 | D:6      | Paralysed by Grinder for 3 turns
  6576 | D:6      | Killed Grinder
  6576 | D:6      | Reached skill level 5 in Armour
  7084 | D:6      | Became a worshipper of Nemelex Xobeh the Trickster
  7165 | D:7      | Received a gift from Nemelex Xobeh
  7306 | D:7      | HP: 3/78 [killer bee (5)]
  7308 | D:7      | Slain by a killer bee

Levels and vault maps discovered:
D:1:      lemuel_arrival_lava_pool, layout_loops_ring, solitary_fountain,
          minmay_pentomino_q2
D:2:      layout_loops_ring, lemuel_coloured_pillars_altar,
          kennysheep_decorative_pillar, minmay_misc_feat_x,
          minmay_indecisive_spiral
D:3:      layout_basic, lemuel_doored_altar, lemuel_crystal_altar,
          gammafunk_ghost_grave
D:4:      corexii_shantytown, layout_basic, gammafunk_ghost_arena
D:5:      layout_basic, first_ration, sigmund_edmund_badplayer, uniq_pikel
D:6:      layout_cave_pools, basic_altar, kennysheep_another_room,
          uniq_blork_the_orc, uniq_grinder
D:7:      layout_cave_pools, grunt_temple_overflow_open,
          minmay_temple_entry_water_ring, tgw_trog

Skill      XL: |  1  2  3  4  5  6  7  8  9 |
---------------+----------------------------+-----
Axes           | 2 3 4 5 |  5.3
Shields        | 3 4 5 |  5.1
Fighting       | 4 5 6 |  6.8
Armour         | 3 4 5 |  5.1
Dodging        | 1 2 3 |  3.1
Maces & Flails | 1 |  1.9

Action                   |  1- 3 |  4- 6 |  7- 9 || total
-------------------------+-------+-------+-------++-------
Melee: War axe           |    63 |   254 |   128 ||   445
       Kick              |    11 |    56 |    68 ||   135
       Flail             |       |       |   104 ||   104
Throw: Boomerang         |       |     4 |     6 ||    10
Evoke: Wand              |       |       |     4 ||     4
  Use: Scroll            |     3 |     9 |     2 ||    14
       Potion            |       |     2 |    12 ||    14
 Stab: Invisible         |       |     1 |     1 ||     2
  Eat: Chunk             |       |     7 |     6 ||    13
       Ration            |       |       |     1 ||     1
Armor: Scale mail        |    21 |       |       ||    21
       Plate armour      |    12 |   198 |   140 ||   350
       Skin              |       |       |    28 ||    28
Dodge: Dodged            |     9 |    27 |    74 ||   110
Block: Shield            |    23 |   149 |   149 ||   321

Table legend:
 A = Non-vault XP
 B = Vault XP
 C = Vault XP percentage of total XP
 D = Non-vault monster count
 E = Vault monster count
 F = Vault count percentage of total count
                 A         B        C        D         E       F
            +---------+---------+-------+---------+---------+-------
      Total |    2113 |    1861 |  46.8 |     129 |      45 |  25.9
            +---------+---------+-------+---------+---------+-------
        D:1 |      38 |       5 |  11.6 |      22 |       2 |   8.3
        D:2 |     134 |      21 |  13.5 |      27 |       4 |  12.9
        D:3 |     274 |       0 |   0.0 |      29 |       0 |   0.0
        D:4 |     186 |     409 |  68.7 |      13 |      34 |  72.3
        D:5 |     753 |    1049 |  58.2 |      17 |       3 |  15.0
        D:6 |     544 |     377 |  40.9 |      12 |       2 |  14.3
        D:7 |     184 |       0 |   0.0 |       9 |       0 |   0.0
            +---------+---------+-------+---------+---------+-------
